 Seeded DCSS version 0.29.1-12-g30fa7ad0bf (webtiles) character file.

Game seed: 1 (custom seed)

0 Kazon the Slasher (level 1, -1/16 HPs)
             Began as a Demonspawn Gladiator on Dec 13, 2022.
             Slain by a kobold
             ... wielding a +0 whip
              (3 damage)
             ... on level 1 of the Dungeon.
             The game lasted 00:00:58 (99 turns).

Kazon the Slasher (Demonspawn Gladiator)              Turns: 99, Time: 00:00:59

Health: -1/16      AC:  4    Str: 14    XL:     1   Next: 8%
Magic:  1/1        EV: 12    Int:  9    God:
Gold:   35         SH:  0    Dex: 14    Spells: 0/0 levels left

rFire   . . .      SeeInvis .   a - +0 long sword
rCold   . . .      Faith    .   (no shield)
rNeg    . . .      Spirit   .   b - +0 leather armour
rPois   .          Reflect  .   c - +0 helmet
rElec   .          Harm     .   (no cloak)
rCorr   .          Rampage  .   (no gloves)
Will    .....                   (no boots)
Stlth   +.........              (no amulet)
HPRegen 0.05/turn               (no ring)
MPRegen 0.07/turn               (no ring)

@: no status effects
A: no striking features
a: no special abilities


You were on level 1 of the Dungeon.
You visited 1 branch of the dungeon, and saw 1 of its levels.

You collected 35 gold pieces.

Inventory:

Hand Weapons
 a - a +0 long sword (weapon)
Missiles
 d - 3 throwing nets (quivered)
 e - a javelin
Armour
 b - a +0 leather armour (worn)
 c - a +0 helmet (worn)
 f - a scarf of repulsion
Jewellery
 g - an amulet of the acrobat
Potions
 h - a potion of haste {unknown}
 i - a potion of flight {unknown}


   Skills:
 + Level 2.0 Fighting
 + Level 2.7 Long Blades
 + Level 1.7 Throwing
 + Level 2.6 Dodging


You couldn't memorise any spells.
You didn't know any spells.
Your spell library was empty.

Dungeon Overview and Level Annotations

Branches:
Dungeon (1/15)

Altars:


Message History

The kobold closely misses you. The kobold misses you.
The kobold attacks as you move away! The kobold barely misses you.
You see here 4 gold pieces.
You now have 35 gold pieces (gained 4).
The kobold hits you but does no damage. The endoplasm freezes you.
You are frozen.
The kobold hits you with a +0 whip. The endoplasm attacks as you move away!
The endoplasm closely misses you. The kobold barely misses you.
The endoplasm attacks as you move away!
The endoplasm hits you but does no damage.
You see here a ruby potion.
i - a ruby potion The kobold misses you.
The endoplasm closely misses you. The kobold completely misses you.
The kobold hits you but does no damage. The endoplasm freezes you.
You are frozen.
The endoplasm hits you but does no damage.
The kobold barely misses you. The endoplasm barely misses you.
The endoplasm freezes you.
You are frozen.
The kobold barely misses you.
The endoplasm hits you but does no damage.
The endoplasm attacks as you move away! The endoplasm barely misses you.
The kobold hits you with a +0 whip.
* * * LOW HITPOINT WARNING * * *
You completely miss the endoplasm. The kobold barely misses you.
The endoplasm closely misses you. The kobold hits you with a +0 whip.
* * * LOW HITPOINT WARNING * * *
The endoplasm closely misses you. The endoplasm attacks as you move away!
The endoplasm closely misses you. The kobold closely misses you.
The kobold hits you but does no damage. The kobold closely misses you.
The endoplasm misses you. The kobold barely misses you.
The endoplasm barely misses you. The kobold hits you with a +0 whip.
You die...

....##....# #####.......
....##....# #..........
..........# #.........
..........# #.......#
..........# #.......#
....##....# #.......#
....##....###.......#
....##..............#
....##.........J@...+###
....##.........K.........
....##...................
#...####.####........
#...# #.# #........ #...#
#.# #........ #...# #.#
#........ #... #.#
....... ..# ....


You could see an endoplasm and a kobold.

Vanquished Creatures
  A bat (D:1)
1 creature vanquished.

Notes
Turn   | Place    | Note
-------+----------+-------------------------------------------
     0 | D:1      | Kazon the Demonspawn Gladiator began the quest for the Orb.
     0 | D:1      | Reached XP level 1. HP: 16/16 MP: 1/1
    32 | D:1      | Identified a scroll of acquirement
    32 | D:1      | Acquired a scarf of repulsion
    99 | D:1      | Slain by a kobold

Illustrated notes

Levels and vault maps discovered:
D:1:      dpeg_arrival_three_smaller_balls, layout_basic

Action                   || total
-------------------------++-------
Melee: Long sword        ||     3
  Use: Scroll            ||     1
Armor: Leather armour    ||    13
Dodge: Dodged            ||    36
